 Dungeon Crawl Stone Soup version 0.26.0-45-g9c1d065592 (webtiles) character file.

Game seed: 7422449277452057725

239 H0rd4k the Insei (level 6, -3/38 HPs)
             Began as an Octopode Transmuter on Jan 28, 2021.
             Splashed by a jelly's acid (5 damage)
             ... on level 4 of the Dungeon.
             The game lasted 00:02:06 (2734 turns).

H0rd4k the Insei (Octopode Transmuter)              Turns: 2734, Time: 00:02:07

Health: -3/38      AC: -7    Str: 10    XL:     6   Next: 7%
Magic:  0/10       EV: 14    Int: 16    God:
Gold:   200        SH:  0    Dex: 13    Spells: 6/10 levels left

rFire    . . .     SeeInvis .     - Unarmed
rCold    . . .     Faith    .   (no shield)
rNeg     . . .     Spirit   +   (helmet restricted)
rPois    .         Reflect  .   d - amulet of guardian spirit
rElec    .         Harm     .   (no ring)
rCorr    .         Rampage  .   (no ring)
Will     .....                  (no ring)
Stlth    +++.......             (no ring)
HPRegen  0.12/turn              (no ring)
MPRegen  0.12/turn              (no ring)
                                (no ring)
                                (no ring)

@: corroded
A: almost no armour, stealthy swim, amphibious, 8 rings, constrict 8, camouflage
1, gelatinous body 1
a: no special abilities


You were on level 4 of the Dungeon.
You visited 1 branch of the dungeon, and saw 4 of its levels.

You collected 200 gold pieces.

Inventory:

Missiles
 k - 15 poisoned darts
Jewellery
 d - an amulet of guardian spirit (around mantle)
Scrolls
 a - 2 scrolls of enchant armour {unknown}
 c - a scroll of identify {unknown}
 e - a scroll of noise {unknown}
 g - 2 scrolls of immolation {unknown}
 h - a scroll of teleportation {unknown}
 m - a scroll of fear {unknown}
Potions
 b - 2 potions of haste {unknown}
 f - a potion of might
 i - 2 potions of curing {unknown}
 j - a potion of cancellation {unknown}
 l - a potion of lignification {unknown}
 n - a potion of resistance {unknown}


   Skills:
 + Level 1.4 Fighting
 + Level 2.6 Dodging
 + Level 3.9 Stealth
 + Level 4.9 Unarmed Combat
 + Level 2.7 Spellcasting
 + Level 2.2 Transmutations


You had 6 spell levels left.
You knew the following spells:

 Your Spells              Type           Power        Failure   Level
a - Beastly Appendage     Tmut           18%          8%          1
b - Spider Form           Tmut/Pois      2%           36%         3

Your spell library contained the following spells:

 Spells                   Type           Power        Failure   Level
 Wereblood                Tmut           9%           12%         2
 Ice Form                 Ice/Tmut       5%           77%         4
 Blade Hands              Tmut           4%           91%         5


Dungeon Overview and Level Annotations

Branches:
Dungeon (4/15)
 Temple: D:4-7

Altars:
Fedhas


Innate Abilities, Weirdness & Mutations

You cannot wear most types of armour.
You are very stealthy in the water. (Stealth+)
You are amphibious.
You can wear up to eight rings at the same time.
You can use your tentacles to constrict eight enemies at once.
Your skin changes colour to match your surroundings (Stealth+).
Your rubbery body absorbs attacks. (AC +1, EV +1)


Message History

You tentacle-slap the jelly but do no damage.
Your tentacles burn!
You pierce the jelly.
You squeeze the jelly, but do no damage.
The jelly is severely wounded.
The jelly barely misses you.
You tentacle-slap the jelly but do no damage.
Your tentacles burn!
The jelly is severely wounded.
The jelly hits you. The acid corrodes you!
You are splashed with acid!
You tentacle-slap the jelly.
Your tentacles burn!
You squeeze the jelly.
The jelly is almost dead.
Your tentacle spike disappears.
The jelly hits you.
You are splashed with acid!
* * * LOW HITPOINT WARNING * * *
You completely miss the jelly.
The jelly is almost dead.
The jelly hits you.
* * * LOW HITPOINT WARNING * * *
You are splashed with acid.
You die...

#.......# #.)(....######
.............#
#.)....(####.## #.......#
#..# #.#####.# ##.## #.#
#.# #..#
#######.#####.######.#####
.......oJ@................
######Z#####.#######.###.
######.# #.# #.# #.
#....oo# #.# #.# #.
#....Z.# #.# #.. #.
#......# #.# ##. #.
........?# #.# ..#.
###....... .. ....
####..... ....


You could see a jelly, an orc and an adder skeleton.

Vanquished Creatures
  A scorpion (D:2)
  A hound (D:3)
  An orc wizard (D:3)
  2 gnolls
  4 adders
  An ooze (D:1)
  A dart slug (D:3)
  3 leopard geckos
  6 orcs
  2 ball pythons
  10 bats
  3 giant cockroaches (D:1)
  13 goblins
  6 hobgoblins
  2 jackals (D:2)
  A quokka (D:2)
  5 frilled lizards
  A kobold (D:2)
  A quokka skeleton (D:4)
  5 rats
69 creatures vanquished.

Notes
Turn   | Place    | Note
-------+----------+-------------------------------------------
     0 | D:1      | H0rd4k the Octopode Transmuter began the quest for the Orb.
     0 | D:1      | Reached XP level 1. HP: 13/13 MP: 3/3
   176 | D:1      | Reached XP level 2. HP: 4/18 MP: 5/5
   460 | D:1      | Reached skill level 1 in Stealth
   460 | D:1      | Reached XP level 3. HP: 19/23 MP: 6/6
  1062 | D:2      | Noticed a scorpion
  1069 | D:2      | Killed a scorpion
  1070 | D:2      | Reached skill level 4 in Unarmed Combat
  1070 | D:2      | Reached XP level 4. HP: 22/28 MP: 7/7
  1544 | D:2      | Reached XP level 5. HP: 33/33 MP: 8/8
  1608 | D:2      | Found a blossoming altar of Fedhas.
  2103 | D:3      | Learned a level 3 spell: Spider Form
  2497 | D:4      | Reached XP level 6. HP: 23/38 MP: 5/10
  2734 | D:4      | Splashed by a jelly's acid

Illustrated notes

Levels and vault maps discovered:
D:1:      mrwooster_arrival_statue_3, layout_rooms, serial_bayou_pond_e,
          minivault_14
D:2:      layout_loops_ring, fedhas_altar_3
D:3:      layout_basic
D:4:      layout_basic, fiery_altar_vehumet, uniq_menkaure, uniq_blork_the_orc

Skill      XL: |  1  2  3  4  5 |
---------------+----------------+-----
Stealth        | 1 2 3 |  3.9
Unarmed Combat | 4 |  4.9
Fighting       | |  1.4
Dodging        | |  2.6
Spellcasting   | |  2.7
Transmutations | |  2.2

Action                   |  1- 3 |  4- 6 || total
-------------------------+-------+-------++-------
Melee: Unarmed           |    71 |    87 ||   158
       Tentacles         |     8 |    18 ||    26
       Constrict         |    14 |    18 ||    32
       Punch             |     4 |     4 ||     8
       Kick              |       |     4 ||     4
 Cast: Beastly Appendage |       |     4 ||     4
  Use: Potion            |       |     1 ||     1
 Stab: Sleeping          |     7 |    11 ||    18
Armor: Skin              |     2 |     7 ||     9
Dodge: Dodged            |    45 |    41 ||    86
